Get step-by-step instructions on how to execute this build order below. Start the game timer, and the build order will tick by so you can play in parallel with StarCraft on a second screen or mobile device.

Game Time

  0:00

Last Step

  N/A

Next Step

Upcoming Step



Don't want to look back and forth between 2 screens? Try out our Overwolf App, the Spawning Tool Build Advisor to get an in-game overlay with this build!

Complete Build Order

  12  0:00  SCV  
  13  0:12  SCV  
  14  0:17  Supply Depot  
  14  0:24  SCV  
  15  0:38  SCV  
  15  0:40  Barracks  
  16  0:44  Refinery  
  16  0:50  SCV  
  16  0:52  Refinery  
  17  1:03  SCV  
  18  1:15  SCV  
  19  1:27  Orbital Command, Reaper  
  20  1:40  Factory  
  20  1:46  Supply Depot  
  20  1:53  SCV  
  21  1:59  Barracks Reactor  
  21  2:05  SCV  
  22  2:15  Command Center  
  22  2:17  SCV  
  23  2:29  SCV  
  24  2:30  Starport  
  24  2:35  Widow Mine  
  26  2:41  SCV, Supply Depot  
  27  2:45  Marine x2  
  29  2:53  SCV  
  30  3:02  Cyclone  
  30  3:03  Marine  
  30  3:05  SCV  
  34  3:07  Marine  
  34  3:10  Medivac  
  36  3:17  SCV  
  37  3:21  Marine  
  37  3:25  Marine  
  39  3:27  Orbital Command  
  39  3:29  SCV  
  40  3:35  Factory Tech Lab  
  40  3:39  Marine  
  41  3:43  Marine  
  41  3:44  Orbital Command  
  41  3:45  SCV  
  41  3:47  Starport Tech Lab  
  43  3:55  Siege Tank  
  46  3:57  SCV  
  46  3:58  Marine  
  48  4:09  SCV  
  49  4:15  SCV  
  50  4:18  Marine  
  50  4:19  Marine  
  50  4:21  SCV  
  53  4:24  Barracks  
  53  4:26  Raven  
  53  4:27  SCV  
  54  4:33  SCV  
  54  4:36  Marine x2  
  54  4:39  SCV  
  54  4:41  Siege Tank  
  54  4:45  SCV  
  57  4:51  SCV  
  58  4:54  Marine x2  
  58  4:57  SCV  
  61  5:03  SCV  
  59  5:09  SCV  
  59  5:11  Barracks  
  59  5:12  Marine x2  
  59  5:13  Siege Tank  
  63  5:15  SCV  
  63  5:18  Bunker  
  64  5:21  SCV  
  64  5:23  Engineering Bay  
  64  5:25  Stimpack  
  64  5:26  Marine  
  64  5:27  SCV  
  67  5:30  Supply Depot  
  67  5:32  Marine  
  67  5:33  SCV  
  69  5:37  Refinery  
  69  5:38  Supply Depot  
  69  5:40  SCV  
  70  5:51  Marine  
  70  5:52  Marauder, SCV x2  
  70  5:53  Terran Infantry Weapons Level 1, Supply Depot  
  70  5:55  Marine, Refinery  
  76  6:02  Factory Tech Lab  
  76  6:03  Bunker  
  76  6:04  SCV x2  
  77  6:09  Marine  
  77  6:10  Combat Shield, Marauder  
  80  6:13  Starport Reactor  
  80  6:15  Marauder  
  80  6:17  SCV x2  
  82  6:27  Marine x2  
  82  6:29  SCV x2  
  82  6:32  Marauder  
  88  6:35  Marine  
  92  6:42  Supply Depot  
  92  6:44  Marine  
  92  6:46  Marine  
  91  6:47  Factory Reactor  
  91  6:52  Medivac  
  91  6:53  Marauder  
  94  6:57  Supply Depot  
  94  6:58  Supply Depot  
  93  7:03  Marine x2  
  93  7:04  Marauder, Medivac  
  93  7:06  Concussive Shells  
  93  7:08  SCV x2  
  99  7:14  Marauder  
  101  7:17  Supply Depot  
  100  7:25  Marauder, Marine x2  
  100  7:27  Command Center  
  100  7:29  SCV x2  
  106  7:34  Medivac x2  
  106  7:36  Marauder  
  112  7:42  SCV x2  
  112  7:44  Marine x2  
  111  7:46  Widow Mine  
  111  7:47  Marauder  
  115  7:57  Marauder  
  117  8:01  Marine  
  117  8:02  Marine  
  117  8:03  Widow Mine  
  117  8:04  Viking  
  123  8:07  Widow Mine  
  123  8:08  Marauder  
  122  8:13  Missile Turret  
  122  8:18  Marauder  
  122  8:19  Marine  
  116  8:23  Missile Turret, Marine  
  113  8:30  Marauder  
  113  8:34  Missile Turret  
  113  8:35  Missile Turret  
  113  8:37  Marine  
  113  8:40  Marauder  
  115  8:41  Marine  
  113  8:58  Marauder  
  113  9:00  Marine  
  113  9:01  Marauder  
  113  9:02  SCV  
  113  9:03  SCV  
  98  9:12  Marine  
  98  9:16  Medivac x2  
  103  9:18  Marine  
  103  9:19  Marauder  
  103  9:21  Orbital Command  
  103  9:23  Marauder  
  105  9:32  Barracks  
  105  9:33  Factory Reactor  
  105  9:34  Barracks  
  105  9:40  SCV  
  105  9:41  SCV, Marauder  
  109  9:52  Marine  
  109  9:53  Marine x2  
  112  9:58  Missile Turret